 Dungeon Crawl Stone Soup version 0.18-a0-1323-g706dcef (webtiles) character file.

27 Ratboiler the Insei (level 2, -1/17 HPs)
             Began as a Deep Elf Wanderer on Feb 15, 2016.
             Slain by a kobold
             ... wielding a +1 dagger of venom
              (4 damage)
             ... on level 2 of the Dungeon.
             The game lasted 00:04:08 (1963 turns).

Ratboiler the Insei (Deep Elf Wanderer)             Turns: 1963, Time: 00:04:08

Health: -1/17      AC:  2    Str: 11    XL:     2   Next: 93%
Magic:  4/4        EV: 12    Int: 14    God:
Gold:   45         SH:  0    Dex: 14    Spells: 1 memorised, 0 levels left

rFire  . . .     SeeInvis .     g - +0 spear
rCold  . . .     Gourm    .     e - +0 robe
rNeg   . . .     Faith    .     (no shield)
rPois  .         Spirit   .     (no helmet)
rElec  .         Dismiss  .     (no cloak)
rCorr  .         Reflect  .     (no gloves)
SustAt .         Harm     .     (no boots)
MR     .....                    q - amulet of rage
Stlth  +.........               (no ring)
                                (no ring)

@: drained, not resistant to hostile enchantments, very unstealthy
A: no striking features
a: Evoke Berserk Rage


You were on level 2 of the Dungeon.
You were very hungry.

You visited 1 branch of the dungeon, and saw 3 of its levels.

You collected 45 gold pieces.

Inventory:

Hand Weapons
 b - a +2 blowgun
 g - a +0 spear (weapon)
Missiles
 a - 2 curare-tipped needles
 l - 5 stones (quivered)
 m - 11 exploding sling bullets
 s - 21 sling bullets
Armour
 e - a +0 robe (worn)
Jewellery
 q - an amulet of rage (around neck)
Scrolls
 h - a scroll of noise {unknown}
 i - a scroll of random uselessness {unknown}
 k - a scroll of enchant weapon {unknown}
 n - 3 scrolls of identify {unknown}
 p - a scroll of teleportation {unknown}
Potions
 j - a potion of beneficial mutation {unknown}
 o - a potion of magic {unknown}
 r - a potion of invisibility {unknown}
Books
 c - the Handbook of Vitriolic Conjuration

   Spells                             Type                      Level
   a - Sting                          Conjuration/Poison           1
   b - Mephitic Cloud                 Conjuration/Poison/Air       3
 d - the Handbook of Confrontation and Flames

   Spells                             Type                      Level
   a - Flame Tongue                   Conjuration/Fire             1
   b - Conjure Flame                  Conjuration/Fire             3
Comestibles
 f - 2 bread rations


   Skills:
 - Level 1.7 Fighting
 - Level 1.0(0.9) Throwing
 - Level 1.2(1.1) Dodging
 - Level 2.4(2.3) Unarmed Combat
 + Level 1.5 Conjurations
   Level 2.1 Translocations
 + Level 1.5 Fire Magic
 - Level 1.1(1.0) Evocations


You couldn't memorise any spells.
You knew the following spells:

 Your Spells              Type           Power        Failure   Level  Hunger
a - Flame Tongue          Conj/Fire      #....        17%         1    ##.....


Dungeon Overview and Level Annotations

Branches:
Dungeon (3/15)

Altars:
Ashenzari

Annotations:
D:2 Robin


Message History

The kobold completely misses you.
You hit the kobold.
You kill the kobold!
The bat closely misses you. The bat hits you but does no damage.
l - 5 stones (gained 2)
Things that are here:
a club; a kobold corpse; a hobgoblin corpse A kobold comes into view.
It is wielding a dagger of venom.
The kobold moves out of view.
The kobold shouts!
The kobold throws a stone.
The stone barely misses you.
You see here a stone.
The kobold throws a stone.
The stone closely misses you.
You see here a stone.
The kobold misses you.
You hit the kobold.
The kobold is severely wounded.
The kobold hits you with a dagger of venom.
You die...

##8..8###.#####..
####..####........
#...... ..#####.#.
#.#######(# ##..
#.# #.# ##. #.#
#.#######. #.#
#......... #.#
#.###b#### #@#
#........
#K#######)##..###
#...((....##..#
#####K#.####..#
#.#.# #..# #.#.#
#..# #K#.. ....#
....#


You could see a kobold.

Vanquished Creatures
  A giant gecko (D:1)
  5 bats
  5 hobgoblins
  3 kobolds
  4 giant newts
  3 goblins
  4 rats
25 creatures vanquished.

Vanquished Creatures (others)
  A bush (D:2)
1 creature vanquished.

Grand Total: 26 creatures vanquished

Notes
Turn   | Place    | Note
--------------------------------------------------------------
     0 | D:1      | Ratboiler the Deep Elf Wanderer began the quest for the Orb.
     0 | D:1      | Ratboiler set off with: 2 curare-tipped needles, a +2 blowgun, the Handbook of Vitriolic Conjuration, the Handbook of Confrontation and Flames, a +0 robe, a bread ration
     0 | D:1      | Reached XP level 1. HP: 12/12 MP: 3/3
     0 | D:1      | Identified the Handbook of Vitriolic Conjuration
     0 | D:1      | Identified the Handbook of Confrontation and Flames
   419 | D:1      | Found a shattered altar of Ashenzari.
   457 | D:1      | Reached XP level 2. HP: 15/17 MP: 4/4
   460 | D:1      | Learned a level 1 spell: Flame Tongue
   973 | D:2      | Noticed Robin
  1196 | D:2      | Reached skill level 1 in Conjurations
  1963 | D:2      | Slain by a kobold

Vault maps used:
D:1:      dpeg_arrival_shrine, evilmike_ruin_ashenzari
D:2:      first_bread, grunt_ministairs_14, serial_park_tiny_2, st_stairs_6,
          uniq_robin
D:3:      trog_eyes_of_draining

Action                   || total
-------------------------++-------
Melee: Spear             ||   106
       Unarmed           ||     6
 Cast: Flame Tongue      ||     7
  Eat: Beef jerky        ||     1
       Chunk             ||     1
